 Dungeon Crawl Stone Soup version 0.29.1-1-gd02db6906a (webtiles) character file.

Game seed: 8502143159022677666

183 BlackCrag the Cudgeller (level 5, -1/42 HPs)
             Began as a Human Berserker on Oct 22, 2022.
             Was a Believer of Trog.
             Slain by an orc wizard
             ... wielding a +0 dagger
              (3 damage)
             ... on level 3 of the Dungeon.
             The game lasted 00:22:46 (1303 turns).

BlackCrag the Cudgeller (Human Berserker)           Turns: 1303, Time: 00:22:46

Health: -1/42      AC:  7    Str: 20    XL:     5   Next: 94%
Magic:  5/5        EV: 10    Int:  7    God:    Trog [**....]
Gold:   133        SH:  0    Dex: 12    Spells: 4/4 levels left

rFire   . . .      SeeInvis .   a - +0 mace
rCold   . . .      Faith    .   (no shield)
rNeg    . . .      Spirit   .   g - +0 scale mail
rPois   .          Reflect  .   (no helmet)
rElec   .          Harm     .   (no cloak)
rCorr   .          Rampage  .   i - +0 pair of gloves
Will    .....                   (no boots)
Stlth   ..........              (no amulet)
HPRegen 0.14/turn               (no ring)
MPRegen 0.09/turn               (no ring)

@: confused, on berserk cooldown, slowed, very slow
A: no striking features
a: Renounce Religion, Berserk, Trog's Hand


You were on level 3 of the Dungeon.
You worshipped Trog.
Trog was pleased with you.
You visited 1 branch of the dungeon, and saw 3 of its levels.

You collected 133 gold pieces.

Inventory:

Hand Weapons
 a - a +0 mace (weapon)
Armour
 g - a +0 scale mail (worn)
 i - a +0 pair of gloves (worn)
Scrolls
 e - a scroll of teleportation {unknown}
 f - a scroll of blinking {unknown}
 j - a scroll of butterflies
 k - a scroll of enchant weapon {unknown}
Potions
 h - 2 potions of heal wounds {unknown}
 l - a potion of brilliance
 m - a potion of lignification {unknown}


   Skills:
 * Level 4.0 Fighting
 * Level 5.0 Maces & Flails
 + Level 2.4 Armour
 + Level 2.3 Dodging
 + Level 0.9 Stealth


You had 4 spell levels left.
You didn't know any spells.
Your spell library contained the following spells:

 Spells                   Type           Power      Damage    Failure   Level
 Apportation              Tloc           0%         N/A       80%         1
 Necrotise                Necr           0%         1d4       80%         1
 Summon Small Mammal      Summ           0%         N/A       80%         1
 Ensorcelled Hibernation  Hex/Ice        0%         N/A       90%         2
 Passwall                 Tmut/Erth      0%         N/A       90%         2
 Swiftness                Air            0%         N/A       99%         3
 Alistair's Intoxication  Tmut/Pois      0%         N/A       100%        5


Dungeon Overview and Level Annotations

Branches:
Dungeon (3/15)

Altars:


Message History

The orc priest completely misses you. Something hits you.
* * * LOW HITPOINT WARNING * * *
You bludgeon the orc priest!!
You kill the orc priest!
Trog accepts your kill.
The orc wizard mumbles some strange words.
The orc wizard flickers and vanishes!
Something hits you.
* * * LOW HITPOINT WARNING * * *
Your Fighting skill increases to level 4!
You miss the quokka. The quokka closely misses you.
You thump the quokka!
You kill the quokka!
Trog accepts your kill.
Your skin stops crawling.
You feel less strong-willed. Something hits you.
* * * LOW HITPOINT WARNING * * *
You closely miss something.
You hear some strange, mumbled words.
You are confused.
You sock something! Trog accepts your kill.
Trog appreciates your killing of a magic user.
Reactivating autopickup.
You feel a bit more experienced. Something hits you.
* * * LOW HITPOINT WARNING * * *
Deactivating autopickup; reactivate with Ctrl-A.
Your Maces & Flails skill increases to level 5!
You bump into the rock wall.
You feel a strong urge to attack something.
You're too confused to move!
Something hits you but does no damage.
You barely miss something.
You hear some strange, mumbled words.
You are more confused.
You closely miss something. Something hits you but does no damage.
You closely miss something. You barely miss something.
You are no longer berserk.
You are exhausted.
You feel yourself slow down. Something hits you.
You die...

######### #.......#
#.#####.## #.#
#...######### #@#
#.#.......>.. #######)#
#...#########
......))#######.........
######...........####.##
#..........<..#
#...######..#.##.##
#...# #..#.##... ....#
#........# ##..##
#.#.....#.


There were no monsters in sight!

Vanquished Creatures
  2 orc priests (D:3)
  Terence (D:2)
  An orc wizard (D:3)
  4 adders
  A dart slug (D:3)
  2 worms
  An orc (D:3)
  3 ball pythons
  2 bats (D:1)
  6 endoplasms
  2 giant cockroaches
  4 hobgoblins
  3 quokkas
  2 frilled lizards
  3 goblins
  2 kobolds
  4 rats
43 creatures vanquished.

Notes
Turn   | Place    | Note
-------+----------+-------------------------------------------
     0 | D:1      | BlackCrag the Human Berserker began the quest for the Orb.
     0 | D:1      | Reached XP level 1. HP: 18/18 MP: 1/1
   277 | D:1      | Reached XP level 2. HP: 15/24 MP: 2/2
   460 | D:1      | Reached XP level 3. HP: 25/29 MP: 3/3
   626 | D:2      | Reached ** piety under Trog
   983 | D:2      | Noticed Terence
  1003 | D:2      | Killed Terence
  1004 | D:2      | Reached skill level 4 in Maces & Flails
  1004 | D:2      | Reached XP level 4. HP: 14/36 MP: 4/4
  1226 | D:3      | Reached XP level 5. HP: 24/42 MP: 5/5
  1284 | D:3      | HP: 2/42 [orc priest/divine providence (9)]
  1296 | D:3      | HP: 2/63 [something (3)]
  1297 | D:3      | Reached skill level 5 in Maces & Flails
  1303 | D:3      | Slain by an orc wizard

Illustrated notes

Levels and vault maps discovered:
D:1:      dpeg_arrival_simpleton_a, layout_basic
D:2:      layout_basic, st_stairs_7, grunt_decor_junction, interstate_on_off,
          uniq_terence
D:3:      layout_loops_ring

Skill      XL: |  1  2  3  4  5 |
---------------+----------------+-----
Maces & Flails | 4 5 |  5.0
Fighting       | 4 |  4.0
Armour         | |  2.4
Dodging        | |  2.3
Stealth        | |  0.9

Action                   |  1- 3 |  4- 6 || total
-------------------------+-------+-------++-------
Melee: Mace              |    94 |    48 ||   142
Invok: Berserk           |     1 |     1 ||     2
       Trog's Hand       |       |     1 ||     1
  Use: Scroll            |       |     5 ||     5
Armor: Ring mail         |    10 |       ||    10
       Animal skin       |     1 |       ||     1
       Scale mail        |    17 |    19 ||    36
Dodge: Dodged            |    50 |    22 ||    72
